 Dungeon Crawl Stone Soup version 0.29.1-15-g9cfb28693d (webtiles) character file.

Game seed: 13233753686314356633

46640 yihopi the Severer (level 14, -1/138 (145) HPs)
             Began as a Minotaur Berserker on Mar 13, 2023.
             Was a Follower of Jiyva.
             Slain by a cane toad (5 damage)
             ... on level 5 of the Lair of Beasts.
             The game lasted 00:49:42 (13520 turns).

yihopi the Severer (Minotaur Berserker)            Turns: 13520, Time: 00:49:42

HP:   -1/138 (145)  AC: 18    Str: 28    XL:     14   Next: 5%
MP:   3/3           EV: 12    Int:  4    God:    Jiyva [*.....]
Gold: 608           SH:  0    Dex: 11    Spells: 13/13 levels left

rFire   . . .      SeeInvis .   B - +2 spear (antimagic)
rCold   + + .      Faith    +   (no shield)
rNeg    . . .      Spirit   .   F - +0 plate armour
rPois   +          Reflect  .   (helmet unavailable)
rElec   .          Harm     .   (no cloak)
rCorr   +          Rampage  .   D - +1 pair of gloves "Lomeh" {Will+ rCorr Dex+2}
Will    ++...                   (no boots)
Stlth   ..........              K - amulet of faith
HPRegen 1.13/turn               e - ring of poison resistance
MPRegen 0.33/turn               y - ring of protection from cold

@: slowed, lightly drained, very slow
A: horns 3, retaliatory headbutt, cold resistance 1, low MP 1, robust 1
a: Renounce Religion


You were on level 5 of the Lair of Beasts.
You worshipped Jiyva.
Jiyva was aware of your devotion.
You visited 2 branches of the dungeon, and saw 16 of its levels.

You collected 1022 gold pieces.
You spent 414 gold pieces at shops.

Inventory:

Hand Weapons
 a - a +1 hand axe of draining
 B - a +2 antimagic spear (weapon)
 P - the +2 dagger of Exhibitionism {freeze, Str+7 Int-4 SInv}
   (You found it on level 10 of the Dungeon)

   It freezes those it strikes, dealing additional cold damage.
   It can also slow down cold-blooded creatures.
   Str:       It affects your strength (+7).
   Int:       It affects your intelligence (-4).
   SInv:      It lets you see invisible.
 R - a +2 vampiric glaive
Missiles
 g - 30 poisoned darts
 M - a throwing net
Armour
 j - a scarf of shadows
 p - the +1 leather armour of Happy Babbling {rN+ Dex+4}
   (You found it on level 3 of the Dungeon)

   Dex:       It affects your dexterity (+4).
   rN:        It protects you from negative energy.
 D - the +1 pair of gloves "Lomeh" (worn) {Will+ rCorr Dex+2}
   (You bought it in a shop on level 6 of the Dungeon)

   Dex:       It affects your dexterity (+2).
   rCorr:     It protects you from acid and corrosion.
   Will:      It increases your willpower.
 F - a +0 plate armour (worn)
Jewellery
 e - a ring of poison resistance (left hand)
 k - an amulet of regeneration
 y - a ring of protection from cold (right hand)
 I - a ring of protection from fire
 K - an amulet of faith (around neck)
 V - a ring of flight
 X - a ring of positive energy
Wands
 c - a wand of flame (47)
 t - a wand of paralysis (13)
 w - a wand of light (7)
 C - a wand of mindburst (8) (quivered)
 N - a wand of iceblast (4)
 W - a wand of digging (6)
Scrolls
 b - 2 scrolls of poison
 d - 2 scrolls of noise
 l - 2 scrolls of magic mapping
 m - 2 scrolls of immolation
 q - 5 scrolls of silence
 s - a scroll of brand weapon
 x - 2 scrolls of vulnerability
 A - 8 scrolls of identify
 H - a scroll of acquirement {unknown}
 J - 5 scrolls of enchant armour {unknown}
 L - 6 scrolls of fear
 S - a scroll of amnesia {unknown}
Potions
 h - 3 potions of brilliance
 i - 4 potions of cancellation
 n - a potion of might
 o - 4 potions of mutation
 r - 14 potions of curing
 u - 2 potions of heal wounds
 z - a potion of degeneration
 G - 2 potions of flight {unknown}
 O - 2 potions of magic
 Q - 2 potions of attraction {unknown}
 T - 2 potions of lignification {unknown}
 Z - a potion of invisibility {unknown}


   Skills:
 * Level 14.1 Fighting
 + Level 18.2 Axes
 - Level 2.3 Throwing
 + Level 13.4 Armour
 + Level 12.4 Dodging


You had 13 spell levels left.
You didn't know any spells.
Your spell library contained the following spells:

 Spells                   Type           Power      Damage    Failure   Level
 Ensorcelled Hibernation  Hex/Ice        0%         N/A       99%         2
 Passwall                 Tmut/Erth      0%         N/A       99%         2
 Scorch                   Fire           0%         2d5       99%         2
 Confusing Touch          Hex            0%         N/A       100%        3
 Gell's Gravitas          Tloc           0%         N/A       100%        3
 Ozocubu's Armour         Ice            0%         N/A       100%        3
 Portal Projectile        Hex/Tloc       0%         N/A       100%        3
 Swiftness                Air            0%         N/A       100%        3
 Teleport Other           Tloc           0%         N/A       100%        3
 Tukima's Dance           Hex            0%         N/A       100%        3
 Flame Wave               Conj/Fire      0%         2d4       100%        4
 Hailstorm                Conj/Ice       0%         3d3       100%        4
 Ice Form                 Ice/Tmut       0%         N/A       100%        4
 Blade Hands              Tmut           0%         N/A       100%        5
 Metabolic Englaciation   Hex/Ice        0%         N/A       100%        5
 Yara's Violent Unravell  Hex/Tmut       0%         3d3       100%        5
 Dispersal                Tloc           0%         N/A       100%        6
 Simulacrum               Ice/Necr       0%         N/A       100%        6
 Summon Cactus Giant      Summ           0%         N/A       100%        6
 Enfeeble                 Hex            0%         N/A       100%        7


Dungeon Overview and Level Annotations

Branches:
Dungeon (11/15)            Temple (0/1) D:6            Lair (5/5) D:8
  Swamp (0/4) Lair:3        Snake (0/4) Lair:2        Slime (0/5) Lair:4
    Orc: D:9-12

Altars:
Gozag
Hepliaklqana
Kikubaaqudgha
Makhleb
Nemelex Xobeh
Ru
Uskayaw
Xom
Jiyva

Shops:
D:2 :   D:6 :[*   D:11 ?

Annotations:
Lair:5 exclusion: oklob plant, Josephine


Innate Abilities, Weirdness & Mutations

You have a pair of large horns on your head.
You reflexively headbutt those who attack you in melee.
Your flesh is cold resistant. (rC+)
Your magical capacity is low. (-10% MP)
You are robust. (+10% HP)


Message History

You furiously retaliate!
You headbutt the wraith!
You feel much better. The wraith hits you but does no damage.
The wraith hits the jelly.
The jelly dies!
The wraith hits you but does no damage. The elephant tramples you!
* * * LOW HITPOINT WARNING * * *
You stumble backwards!
The wraith attacks as you move away! The wraith hits you but does no damage.
The wraith attacks as you move away! The wraith hits you but does no damage.
The wraith barely misses you. The wraith completely misses you.
The wraith hits you but does no damage. The elephant tramples you!
* * * LOW HITPOINT WARNING * * *
You stumble backwards!
The elephant tramples you!
* * * LOW HITPOINT WARNING * * *
You hold your ground!
The elephant trunk-slaps you but does no damage.
The wraith hits you but does no damage. The wraith barely misses you.
The elephant tramples you but does no damage.
The elephant trunk-slaps you but does no damage.
The wraith hits you.
* * * LOW HITPOINT WARNING * * *
The wraith drains your vigour!
You feel as though you will be slow longer.
The cane toad stings you but does no damage.
The cane toad attacks as you move away!
The cane toad stings you but does no damage.
The cane toad stings you!
* * * LOW HITPOINT WARNING * * *
The elephant tramples you but does no damage.
The elephant trunk-slaps you.
* * * LOW HITPOINT WARNING * * *
There is an escape hatch in the ceiling here.
The cane toad closely misses you. The elephant barely misses you.
You furiously retaliate!
You headbutt the elephant!
The elephant trunk-slaps you but does no damage.
The wraith hits you but does no damage. The wraith closely misses you.
You furiously retaliate!
You headbutt the wraith. The cane toad stings you.
You die...

....#######.......#.#...##.
.....##........s<.......###
###.....#........#....####
###............##..#....###.
###.......†..............#....
###...........#.................
#............P.W..#####.........
#..........#..YFW##.............
.###...........W@..............##
...###.....#..##.#......P....#...
#....###.....##..#.......P..##...
##.....###...##....#.....##P#....
.##...............P.#....#####...
..##.........#.........#.##......
...##..................#####.....
#...##...............##.##.......
#....###.....................##..


You could see an elephant, a wolf spider, a cane toad and 3 wraiths.

Vanquished Creatures
  2 hydras
  A boulder beetle (Lair:5)
  A two-headed ogre (D:7)
  4 catoblepae
  7 death yaks
  Urug (D:10)
  A manticore (D:10)
  A cyclops (D:8)
  11 elephants
  7 black mambas
  A torpor snail (Lair:3)
  9 komodo dragons
  A kobold demonologist (D:10)
  15 cane toads
  2 rime drakes
  4 hornets
  4 polar bears
  10 blink frogs
  14 dream sheep (Lair:5)
  A shadow (D:10)
  2 wraiths
  A vampire (D:10)
  14 wyverns
  A basilisk (Lair:4)
  28 yaks
  A steam dragon (D:5)
  3 vampire mosquitoes (D:10)
  Menkaure (D:4)
  2 acid dragons
  3 nagas (Lair:2)
  23 water moccasins
  2 black bears
  4 orc warriors
  An ice beast (D:5)
  A sky beast (D:5)
  3 ogres
  A centaur (D:10)
  3 phantoms
  4 kobold brigands
  3 necrophages
  8 bullfrogs
  4 scorpions
  14 killer bees
  4 howler monkeys
  5 hounds
  4 jellies
  3 orc priests
  4 iguanas
  5 orc wizards
  7 gnolls
  8 adders
  A white imp (D:8)
  An ufetubus (D:7)
  2 worms (D:3)
  2 dart slugs
  34 orcs
  5 ball pythons
  4 bats
  9 endoplasms
  3 giant cockroaches
  5 goblins
  4 hobgoblins
  11 kobolds
  4 quokkas
  2 frilled lizards (D:2)
  4 rats
  A bush (Lair:5)
356 creatures vanquished.

Vanquished Creatures (collateral kills)
  Snorg (Lair:3)
  A catoblepas (Lair:1)
  5 elephants (Lair:3)
7 creatures vanquished.

Vanquished Creatures (others)
  An elephant (Lair:5)
  A cane toad (Lair:5)
  A wyvern (Lair:5)
  14 jellies (Lair:5)
  3 bushes
  A butterfly (Lair:4)
  44 fungi
  80 plants
145 creatures vanquished.

Grand Total: 508 creatures vanquished

Notes
Turn   | Place    | Note
-------+----------+-------------------------------------------
     0 | D:1      | yihopi the Minotaur Berserker began the quest for the Orb.
     0 | D:1      | Reached XP level 1. HP: 19/19 MP: 0/0
   358 | D:1      | Reached XP level 2. HP: 27/27 MP: 1/1
   380 | D:1      | Reached skill level 4 in Axes
   698 | D:2      | Reached XP level 3. HP: 29/33 MP: 2/2
  1060 | D:2      | Found Salot's Book Shop.
  1075 | D:2      | Reached ** piety under Trog
  1209 | D:2      | Found a faded altar of an unknown god.
  1736 | D:3      | Found a shimmering altar of Xom.
  1740 | D:3      | Found a hazy altar of Hepliaklqana.
  1741 | D:3      | Found a sacrificial altar of Ru.
  1745 | D:3      | Found a hide-covered altar of Uskayaw.
  1865 | D:3      | Noticed a water moccasin
  1872 | D:3      | Killed a water moccasin
  1873 | D:3      | Reached skill level 5 in Axes
  1873 | D:3      | Reached XP level 4. HP: 41/41 MP: 3/3
  1873 | D:3      | Reached XP level 5. HP: 47/47 MP: 4/4
  2509 | D:3      | Identified the +1 leather armour of Happy Babbling {rN+
                  | Dex+4}
  2517 | D:3      | Gained mutation: Your magical capacity is low. (-10% MP)
                  | [potion of mutation]
  2517 | D:3      | Gained mutation: Your flesh is cold resistant. (rC+)
                  | [potion of mutation]
  2517 | D:3      | Gained mutation: You have a pair of large horns on your
                  | head. [potion of mutation]
  2517 | D:3      | Gained mutation: You are robust. (+10% HP) [potion of
                  | mutation]
  2613 | D:4      | Noticed a phantom
  2621 | D:4      | Killed a phantom
  2622 | D:4      | Reached skill level 6 in Axes
  2622 | D:4      | Reached XP level 6. HP: 60/60 MP: 4/4
  2682 | D:4      | Reached skill level 5 in Fighting
  2827 | D:4      | Reached XP level 7. HP: 44/67 MP: 5/5
  2864 | D:4      | Noticed Menkaure
  2879 | D:4      | Killed Menkaure
  2880 | D:4      | Reached skill level 7 in Axes
  3126 | D:4      | Reached skill level 5 in Armour
  3180 | D:5      | Entered Level 5 of the Dungeon
  3331 | D:5      | Reached skill level 8 in Axes
  3331 | D:5      | Reached skill level 5 in Dodging
  3331 | D:5      | Reached XP level 8. HP: 64/77 MP: 6/6
  3812 | D:5      | Reached *** piety under Trog
  3951 | D:5      | Reached skill level 9 in Axes
  4100 | D:6      | Found a sparkling altar of Nemelex Xobeh.
  4135 | D:6      | Reached XP level 9. HP: 86/86 MP: 7/7
  4255 | D:6      | Found a staircase to the Ecumenical Temple.
  4284 | D:6      | Found Piamawetwe's Antique Armour Emporium.
  4435 | D:6      | Reached skill level 10 in Axes
  4509 | D:6      | Found Tumume's Book Shoppe.
  4545 | D:6      | Found Jiezeost's General Store.
  5092 | D:6      | Bought the +1 pair of gloves "Lomeh" {Will+ rCorr Dex+2}
                  | for 414 gold pieces
  5294 | D:7      | Noticed a two-headed ogre
  5300 | D:7      | Killed a two-headed ogre
  5301 | D:7      | Reached skill level 11 in Axes
  5759 | D:7      | Found an ancient bone altar of Kikubaaqudgha.
  5819 | D:8      | Found a staircase to the Lair.
  5820 | D:8      | Noticed a komodo dragon
  5838 | D:8      | Killed a komodo dragon
  5921 | D:8      | Reached XP level 10. HP: 97/99 MP: 8/8
  6044 | D:8      | Noticed a cyclops
  6059 | D:8      | Reached **** piety under Trog
  6081 | D:8      | Killed a cyclops
  6082 | D:8      | Reached skill level 12 in Axes
  6752 | D:9      | Found an opulent altar of Gozag.
  7100 | D:10     | Entered Level 10 of the Dungeon
  7194 | D:10     | Noticed a manticore
  7203 | D:10     | Killed a manticore
  7204 | D:10     | Reached skill level 13 in Axes
  7253 | D:10     | Identified the +2 dagger of Exhibitionism {freeze, Str+7
                  | Int-4 SInv}
  7297 | D:10     | Noticed Urug
  7312 | D:10     | Killed Urug
  7313 | D:10     | Reached XP level 11. HP: 108/108 MP: 8/8
  7382 | D:10     | Reached skill level 10 in Fighting
  7399 | D:10     | Found a burning altar of Makhleb.
  8066 | D:11     | Found Jecep's Magic Scroll Emporium.
  8066 | D:11     | Noticed a two-headed ogre
  8066 | D:11     | Noticed a red ugly thing
  8283 | Lair:1   | Entered Level 1 of the Lair of Beasts
  8355 | Lair:1   | Reached skill level 10 in Armour
  8361 | Lair:1   | Reached skill level 14 in Axes
  8420 | Lair:1   | Noticed a six-headed hydra
  8511 | Lair:1   | Noticed a catoblepas
  8530 | Lair:1   | Reached skill level 1 in Throwing
  8556 | Lair:1   | Killed a catoblepas
  8791 | Lair:1   | Noticed a catoblepas
  8812 | Lair:1   | Killed a catoblepas
  9045 | Lair:2   | Found a staircase to the Snake Pit.
  9252 | Lair:2   | Reached XP level 12. HP: 121/121 MP: 9/9
  9283 | Lair:2   | Noticed a catoblepas
  9306 | Lair:2   | Killed a catoblepas
  9307 | Lair:2   | Reached skill level 15 in Axes
  9307 | Lair:2   | Reached skill level 10 in Dodging
  9944 | Lair:3   | Found a staircase to the Swamp.
 10090 | Lair:3   | Noticed Snorg
 10096 | Lair:3   | Reached skill level 16 in Axes
 10103 | Lair:3   | Killed Snorg
 10164 | Lair:3   | Noticed a death yak
 10164 | Lair:3   | Noticed a death yak
 10186 | Lair:3   | Killed a death yak
 10213 | Lair:3   | Noticed a death yak
 10218 | Lair:3   | Noticed a death yak
 10223 | Lair:3   | Killed a death yak
 10228 | Lair:3   | Killed a death yak
 10260 | Lair:3   | Killed a death yak
 10261 | Lair:3   | Reached XP level 13. HP: 101/130 MP: 10/10
 11022 | Lair:4   | Reached skill level 17 in Axes
 11164 | Lair:4   | Found a staircase to the Slime Pits.
 11164 | Lair:4   | Found a viscous altar of Jiyva.
 11546 | Lair:4   | Fell from the grace of Trog
 11546 | Lair:4   | Became a worshipper of Jiyva Jakeps the Shapeless
 11950 | Lair:5   | Entered Level 5 of the Lair of Beasts
 11950 | Lair:5   | Reached * piety under Jiyva
 12367 | Lair:5   | Noticed Josephine
 12891 | Lair:5   | Reached skill level 18 in Axes
 12923 | Lair:5   | HP: 4/134 [deep troll[the rage of Trog] (13)]
 13305 | Lair:5   | Reached XP level 14. HP: 125/145 MP: 11/11
 13519 | Lair:5   | HP: 5/138 [cane toad (10)]
 13520 | Lair:5   | Slain by a cane toad

Illustrated notes

Levels and vault maps discovered:
D:1:      heliophobic_arrival_henge, layout_basic, kennysheep_another_room
D:2:      layout_loops_ring, serial_shops, nicolae_square_shop,
          chequers_ecumenical_altar_island, nrook_mini_backslash
D:3:      layout_basic, minitemple, minmay_misc_feat_square,
          minmay_misc_feat_alley
D:4:      layout_cave_pools, kennysheep_small_square, uniq_menkaure
D:5:      layout_gridville
D:6:      layout_gridville, nemelex_xobeh_ov_fountains_minmay,
          minmay_temple_entry_gardened_gates, serial_shops, shop,
          nicolae_shop_competitors_out_of_business, shop, chequers_avenue
D:7:      hellmonk_ruined_rings, layout_basic, kiku_gazebo_pond_becter
D:8:      layout_basic, david_lair_shrubbed, minmay_chambers_of_fives
D:9:      layout_roguey, grunt_gozag_statues, feat_on_display
D:10:     layout_basic, mainiacjoe_overflow_six_doors_small, uniq_urug
D:11:     layout_cave_pools, hangedman_decor_slide_cut, kennysheep_windowed_goal
Lair:1:   layout_concentric_octagons
Lair:2:   layout_regular_city, guppyfry_snake_entry_garden, serial_bayou_shore_a
Lair:3:   layout_cave_pods, minmay_swamp_entry_reptiles, minmay_hedge_maze,
          uniq_snorg
Lair:4:   statuecave_lemuel, layout_regular_city, slime_entry_1,
          lemuel_fruit_fields
Lair:5:   hangedman_lair_tendril_chambers, layout_misc_corridors, uniq_josephine

Skill      XL: |  1  2  3  4  5  6  7  8  9 10 11 12 13 |
---------------+----------------------------------------+-----
Axes           | 4 5 6 8 9 11 13 14 16 18 | 18.2
Fighting       | 4 5 6 7 8 9 11 12 14 | 14.1
Armour         | 3 4 5 6 8 9 10 12 13 | 13.4
Dodging        | 3 4 5 6 7 8 9 11 12 | 12.4
Throwing       | 2 |  2.3

Action                   |  1- 3 |  4- 6 |  7- 9 | 10-12 | 13-15 || total
-------------------------+-------+-------+-------+-------+-------++-------
Melee: Hand axe          |    77 |    63 |   226 |   538 |   383 ||  1287
       Headbutt          |     9 |    13 |    44 |   146 |   113 ||   325
       Punch             |     1 |     1 |     2 |    14 |     3 ||    21
       Spear             |       |       |       |       |    27 ||    27
Invok: Berserk           |     1 |     1 |     4 |    10 |       ||    16
       Trog's Hand       |       |       |     2 |     1 |       ||     3
       Brothers in Arms  |       |       |       |     3 |       ||     3
Evoke: Wand              |       |       |       |     3 |       ||     3
  Use: Scroll            |     9 |       |     6 |     3 |     6 ||    24
       Potion            |     1 |     3 |     2 |       |     7 ||    13
 Stab: Sleeping          |     1 |       |       |       |       ||     1
       Petrified         |       |       |       |     5 |       ||     5
Armor: Chain mail        |    28 |    31 |    92 |       |       ||   151
       Animal skin       |     1 |       |       |       |       ||     1
       Plate armour      |       |       |     8 |   252 |   207 ||   467
Dodge: Dodged            |    35 |    27 |    85 |   201 |   227 ||   575
